 Dungeon Crawl Stone Soup version 0.23-a0-300-g6719eeacba (webtiles) character file.

654 PikkenKukken the Ruffian (level 7, 0/68 HPs)
             Began as a Troll Fighter on Oct 7, 2018.
             Was a Follower of Elyvilon.
             Succumbed to a water moccasin's poison
             ... on level 5 of the Dungeon.
             The game lasted 00:06:38 (3418 turns).

PikkenKukken the Ruffian (Troll Fighter)            Turns: 3418, Time: 00:06:39

Health: 0/68       AC:  5    Str: 25    XL:     7   Next: 29%
Magic:  6/6        EV:  9    Int:  6    God:    Elyvilon [*.....]
Gold:   194        SH:  9    Dex:  9    Spells: 6/6 levels left

rFire    . . .     SeeInvis .     - Unarmed
rCold    . . .     Gourm    +   b - +0 shield
rNeg     . . .     Faith    .   a - +0 robe
rPois    .         Spirit   .   (helmet restricted)
rElec    .         Reflect  .   (no cloak)
rCorr    .         Harm     .   (gloves unavailable)
MR       .....                  (boots unavailable)
Stlth    +.........             (no amulet)
HPRegen  0.61/turn              k - ring of wizardry
MPRegen  0.10/turn              (no ring)

@: lethally poisoned (0 -> -2)
A: large, unfitting armour, claws 3, fast metabolism 3, gourmand, regeneration
1, shaggy fur 1, tough skin 2
a: Lesser Healing, Divine Protection, Renounce Religion


You were on level 5 of the Dungeon.
You worshipped Elyvilon.
Elyvilon was aware of your devotion.
You were completely stuffed.

You visited 2 branches of the dungeon, and saw 6 of its levels.

You collected 194 gold pieces.

Inventory:

Armour
 a - a +0 robe (worn)
 b - a +0 shield (worn)
Jewellery
 k - a ring of wizardry (left claw)
 n - an uncursed ring of protection from magic {unknown}
Wands
 q - a wand of digging (20)
Scrolls
 j - a scroll of remove curse
 p - a scroll of enchant weapon
 r - a scroll of identify
Potions
 c - 5 potions of might
 e - a potion of flight {unknown}
 f - a potion of berserk rage {unknown}
 g - 2 potions of ambrosia
 h - 2 potions of brilliance {unknown}
 i - 2 potions of curing
 l - a potion of invisibility {unknown}
 m - a potion of mutation {unknown}
 o - a potion of magic {unknown}
Comestibles
 d - 12 rations


   Skills:
 + Level 3.7 Fighting
 + Level 3.7 Dodging
 + Level 3.8 Shields
 * Level 5.4 Unarmed Combat


You had 6 spell levels left.
You didn't know any spells.
Your spell library was empty.

Dungeon Overview and Level Annotations

Branches:
Dungeon (5/15)             Temple (1/1) D:4

Altars:
Ashenzari
Cheibriados
Dithmenos
Elyvilon
Fedhas
Gozag
Hepliaklqana
Kikubaaqudgha
Makhleb
Nemelex Xobeh
Okawaru
Qazlal
Ru
Sif Muna
Trog
Uskayaw
Vehumet
Wu Jian
Xom
Yredelemnul
Zin
The Shining One


Innate Abilities, Weirdness & Mutations

You are too large for most types of armour.
You have claws for hands.
Your metabolism is lightning-fast.
You like to eat raw meat.
Your natural rate of healing is unusually fast.
You are covered in fur. (AC +1)
You have very tough skin. (AC +2)


Message History

You feel sick.
The water moccasin bites you but does no damage.
You block the ice beast's attack. The water moccasin bites you.
You scratch the water moccasin.
The water moccasin is almost dead.
The ice beast hits you. The ice beast freezes you!
The water moccasin bites you!
You are more poisoned.
The water moccasin poisons you!
You are too injured to fight recklessly!
You are too injured to fight recklessly!
You are too injured to fight recklessly!
You feel better. The water moccasin bites you.
You are poisoned.
The water moccasin poisons you! The ice beast hits you.
The ice beast freezes you!
* * * LOW HITPOINT WARNING * * *
You feel sick. The water moccasin bites you!
* * * LOW HITPOINT WARNING * * *
You die...

#.##.# ####.##
##...# #.##.#
#..###.##.#####
#.##.## #
..##.......
#.#.#.###
..#..........
#..###..#
#....##..#....
###.#.#.# # ##
#..#....
##.##.#
#...#...
####...#.####.#
#..###..
......YS.@....#
#.#.#.##
.###...#.######
###.##.##
##..#.#
#....รทรท#
##...#
#.#.#..###
#..##
#.#......# #..
# ###..... #..
......#.# #..
.......#.#
######.#.#


You could see a water moccasin and an ice beast.

Vanquished Creatures
  2 ogres
  An orc priest (D:3)
  A bullfrog skeleton (D:5)
  A centaur skeleton (D:4)
  An iguana (D:4)
  Natasha (twice) (D:3)
  An orc wizard (D:4)
  2 worker ants (D:4)
  A hound skeleton (D:3)
  2 worker ant zombies (D:3)
  Robin (D:4)
  4 gnolls (D:4)
  A howler monkey skeleton (D:4)
  2 adders
  A shadow imp (D:5)
  2 oozes
  4 adder skeletons
  An adder zombie (D:3)
  2 dart slugs
  4 leopard geckos
  6 orcs
  4 giant cockroaches
  13 goblins
  15 hobgoblins
  2 jackals (D:3)
  6 quokkas
  2 ball pythons
  10 bats
  4 frilled lizards
  7 kobolds
  A leopard gecko skeleton (D:5)
  A quokka skeleton (D:3)
  8 rats
115 creatures vanquished.

Notes
Turn   | Place    | Note
-------+----------+-------------------------------------------
     0 | D:1      | PikkenKukken the Troll Fighter began the quest for the Orb.
     0 | D:1      | Reached XP level 1. HP: 22/22 MP: 0/0
    81 | D:1      | Reached XP level 2. HP: 29/29 MP: 1/1
   386 | D:1      | Found a shimmering altar of Xom.
   615 | D:1      | Reached XP level 3. HP: 36/36 MP: 2/2
   850 | D:2      | Reached skill level 3 in Unarmed Combat
  1320 | D:3      | Reached XP level 4. HP: 41/44 MP: 3/3
  1531 | D:3      | Reached XP level 5. HP: 42/53 MP: 4/4
  1598 | D:3      | Noticed Natasha
  1618 | D:3      | Killed Natasha
  1704 | D:3      | Reached skill level 4 in Unarmed Combat
  1888 | D:3      | Noticed Natasha
  1893 | D:3      | Killed Natasha
  1977 | D:4      | Found a staircase to the Ecumenical Temple.
  1980 | D:4      | Reached XP level 6. HP: 61/61 MP: 5/5
  1989 | Temple   | Entered the Ecumenical Temple
  2278 | Temple   | Became a worshipper of Elyvilon the Healer
  2376 | D:4      | Noticed Robin
  2383 | D:4      | Killed Robin
  2867 | D:4      | Reached skill level 5 in Unarmed Combat
  2877 | D:4      | Reached XP level 7. HP: 64/67 MP: 6/6
  3140 | D:5      | Entered Level 5 of the Dungeon
  3148 | D:5      | Reached * piety under Elyvilon
  3417 | D:5      | HP: 1/68 [water moccasin (8)]
  3418 | D:5      | Succumbed to a water moccasin's poison

Vault maps used:
D:1:      dpeg_arrival_connections, xom_teletrap_fun
D:2:      minmay_goblin_outpost
D:3:      serial_undead, serial_undead_a, serial_undead_c, serial_undead_c,
          serial_undead_b, uniq_natasha
D:4:      minmay_temple_entry_poolview, first_ration, uniq_robin
D:5:      uniq_pikel
Temple:   regret_index_temple_sigil_plot

Skill      XL: |  1  2  3  4  5  6 |
---------------+-------------------+-----
Unarmed Combat | 3 4 5 |  5.4
Shields        | 3 |  3.8
Dodging        | 3 |  3.7
Fighting       | 3 |  3.7

Action                   |  1- 3 |  4- 6 |  7- 9 || total
-------------------------+-------+-------+-------++-------
Melee: Unarmed           |   117 |   170 |    34 ||   321
  Use: Scroll            |     4 |     3 |     1 ||     8
       Potion            |       |     1 |     1 ||     2
 Stab: Sleeping          |     2 |     2 |       ||     4
  Eat: Chunk             |    17 |    15 |     5 ||    37
Armor: Robe              |    44 |    36 |     7 ||    87
Dodge: Dodged            |    46 |    52 |     5 ||   103
Block: Shield            |    55 |    71 |    12 ||   138

Table legend:
 A = Non-vault XP
 B = Vault XP
 C = Vault XP percentage of total XP
 D = Non-vault monster count
 E = Vault monster count
 F = Vault count percentage of total count
                 A         B        C        D         E       F
            +---------+---------+-------+---------+---------+-------
      Total |     783 |     152 |  16.3 |      89 |      26 |  22.6
            +---------+---------+-------+---------+---------+-------
        D:1 |      44 |       0 |   0.0 |      25 |       0 |   0.0
        D:2 |      33 |      18 |  35.3 |      12 |       9 |  42.9
        D:3 |     142 |     106 |  42.7 |      28 |       9 |  24.3
        D:4 |     382 |      28 |   6.8 |      16 |       8 |  33.3
        D:5 |     182 |       0 |   0.0 |       8 |       0 |   0.0
            +---------+---------+-------+---------+---------+-------
